 Dungeon Crawl Stone Soup version 0.25.1-2-g60ff931df9 (webtiles) character file.

Game seed: 8919695257196516677

52297 Ayoxin the Protected (level 14, -1/91 HPs)
             Began as a Gargoyle Monk on July 30, 2020.
             Was a High Priest of Trog.
             Slain by an azure jelly (4 damage)
             ... on level 1 of the Pits of Slime on Aug 1, 2020.
             The game lasted 01:37:23 (17611 turns).

Ayoxin the Protected (Gargoyle Monk)               Turns: 17611, Time: 01:37:26

Health: -1/91      AC: 34    Str: 19    XL:     14   Next: 63%
Magic:  0/18       EV: 11    Int: 12    God:    Trog [*****.]
Gold:   795        SH:  0    Dex: 12    Spells: 19/19 levels left

rFire    + + +     SeeInvis .   t - +10 dagger "Demon's Curse" {vorpal, *Contam rF+++ rC++ MR-}
rCold    + + +     Gourm    .   j - +0 buckler
rNeg     + + .     Faith    .   d - +1 chain mail
rPois    ∞         Spirit   .   b - +2 hat
rElec    +         Reflect  .   s - +0 cloak
rCorr    .         Harm     .   (no gloves)
MR       +....                  (no boots)
Stlth    ..........             o - amulet of regeneration
HPRegen  0.65/turn              i - ring of positive energy
MPRegen  0.16/turn              q - +4 ring of protection

@: confused
A: big wings, molten scales 1, cold resistance 1, magic resistance 1, negative
energy resistance 1, screaming 1, shaggy fur 1, electricity resistance,
unbreathing, petrification resistance, rot immunity, AC +10
a: Fly, Berserk, Trog's Hand, Brothers in Arms, Renounce Religion


You were on level 1 of the Pits of Slime.
You worshipped Trog.
Trog was extremely pleased with you.
You were not hungry.

You visited 3 branches of the dungeon, and saw 15 of its levels.

You collected 795 gold pieces.

Inventory:

Hand Weapons
 p - the +5 spear "Uthaeh" {elec, *Rage Dex+8}
   (You found it on level 5 of the Dungeon)

   Occasionally, upon striking a foe, it will discharge some electrical energy
   and cause terrible harm.
   It affects your dexterity (+8).
   It may make you go berserk in combat.
 t - the +10 dagger "Demon's Curse" (weapon) {vorpal, *Contam rF+++ rC++ MR-}
   (You found it on level 6 of the Lair of Beasts)

   It inflicts extra damage upon your enemies.
   It renders you almost immune to fire.
   It greatly protects you from cold.
   It affects your resistance to hostile enchantments.
   It causes magical contamination when unequipped.
Armour
 b - a +2 hat (worn)
 d - a +1 chain mail (worn)
 j - a +0 buckler (worn)
 s - a +0 cloak (worn)
Jewellery
 i - a ring of positive energy (left hand)
 o - an amulet of regeneration (around neck)
 q - a +4 ring of protection (right hand)
 u - the ring of No Interval {rN++ MP+9 Str-5, unknown}
   (You found it on level 6 of the Lair of Beasts)

   [ring of magical power]

   It affects your strength (-5).
   It greatly protects you from negative energy.
   It affects your magic capacity (+9).
Wands
 f - a wand of random effects (12)
 m - a wand of acid (8)
 r - a wand of paralysis (12)
Scrolls
 a - 2 scrolls of remove curse
 l - a scroll of teleportation
 n - 2 scrolls of fog
Potions
 e - 3 potions of cancellation
 k - 2 potions of might
Miscellaneous
 v - a phial of floods
Comestibles
 c - 21 rations


   Skills:
 + Level 11.6 Fighting
   Level 7.8 Maces & Flails
 + Level 11.4 Polearms
 + Level 4.6 Throwing
 + Level 12.3 Armour
 + Level 6.7 Dodging
 + Level 6.0 Stealth
 + Level 8.0 Shields
 + Level 4.6 Unarmed Combat
 - Level 3.3 Spellcasting
 + Level 2.1 Evocations


You had 19 spell levels left.
You didn't know any spells.
Your spell library was empty.

Dungeon Overview and Level Annotations

Branches:
Dungeon (8/15)             Temple (0/1) D:4            Lair (6/6) D:8
  Swamp (0/4) Lair:3        Snake (0/4) Lair:3        Slime (1/5) Lair:6

Altars:
Gozag
Hepliaklqana
Qazlal
Trog
Xom
Yredelemnul


Innate Abilities, Weirdness & Mutations

You are resistant to torment.
Your stone body is resilient. (AC +10)
You are immune to poison.
Your large and strong wings let you fly indefinitely.
You resist negative energy. (rN+)
You are resistant to electric shocks. (rElec)
You can survive without breathing.
You are immune to petrification.
You are immune to rotting.
You are partially covered in molten scales. (AC +2)
Your flesh is cold resistant. (rC+)
You are resistant to hostile enchantments. (MR+)
You occasionally shout uncontrollably at your foes.
You are covered in fur. (AC +1)


Message History

The large slime creature hits you!
* * * LOW HITPOINT WARNING * * *
The slime creature closely misses you. The azure jelly barely misses you.
The azure jelly closely misses you.
The azure jelly hits you but does no damage. x2
The titanic slime creature closely misses you.
Okay, then.
You closely miss the eye of devastation.
The eye of devastation is lightly wounded.
The large slime creature hits you but does no damage.
The golden eye blinks at you.
You are more confused.
The large slime creature barely misses you.
The golden eye blinks!
The azure jelly hits you.
* * * LOW HITPOINT WARNING * * *
The azure jelly freezes you. You resist.
* * * LOW HITPOINT WARNING * * *
The azure jelly hits you but does no damage.
The azure jelly hits you.
You die...

....#.......#..
..........G.#..
...............
......>........
...............
.......§.....# .
...G.§JJJ..#.#..
.......@J#......
......GJG.....#
..#...........#
##....<....##
#...#.......#
..............#
........^....##
.....#.###.###
.....#. ##


You could see an azure jelly, a titanic slime creature, 2 large slime creatures,
a slime creature, an eye of devastation, an eye of draining and 2 golden eyes.

Vanquished Creatures
  Rupert (Lair:4)
  6 dire elephants (Lair:6)
  Josephine (Lair:4)
  An anaconda (Lair:6)
  Fannar (Lair:1)
  4 hydras
  A death yak (Lair:2)
  Pikel (D:7)
  12 elephants
  A torpor snail (Lair:2)
  6 black mambas
  Joseph (Lair:1)
  9 spiny frogs
  Maggie (D:7)
  9 komodo dragons
  3 rime drakes
  2 polar bears
  A tyrant leech (Lair:3)
  5 hippogriffs
  7 blink frogs
  9 dream sheep (Lair:4)
  A wyvern (Lair:5)
  3 wraiths (Lair:4)
  3 basilisks
  27 yaks
  A golden eye (Slime:1)
  A steam dragon (Lair:5)
  2 swamp worms (Lair:3)
  15 porcupines
  18 water moccasins
  A black bear (D:8)
  2 orc warriors
  A sky beast (D:8)
  A phantom (D:4)
  An ogre (D:5)
  A centaur (D:5)
  13 wolves
  22 crocodiles
  A big kobold (D:8)
  13 bullfrogs
  2 scorpions (D:5)
  2 electric eels (D:6)
  3 howler monkeys
  A vampire bat (Lair:1)
  3 crimson imps
  A bullfrog zombie (D:5)
  A centaur zombie (D:7)
  3 jellies
  4 hounds
  An orc priest (D:5)
  Crazy Yiuf (D:7)
  Terence (D:2)
  3 iguanas
  2 orc wizards
  6 worker ants
  A killer bee zombie (D:5)
  A hound zombie (D:7)
  A hound skeleton (D:4)
  A worker ant zombie (D:7)
  A howler monkey skeleton (D:4)
  15 adders
  4 shadow imps
  4 oozes (Lair:6)
  3 worms
  A dart slug (D:1)
  5 leopard geckos
  19 orcs
  5 giant cockroaches
  11 goblins
  5 hobgoblins
  14 jackals
  12 kobolds
  5 quokkas
  3 ball pythons
  15 bats
  7 frilled lizards
  A jackal skeleton (D:4)
  A leopard gecko zombie (D:5)
  A quokka skeleton (D:6)
  A quokka zombie (D:5)
  5 rats
  A fungus (Lair:1)
  10 plants
396 creatures vanquished.

Vanquished Creatures (collateral kills)
  A wraith (Lair:4)
1 creature vanquished.

Vanquished Creatures (others)
  A spiny frog (Lair:6)
  4 yaks (Lair:6)
  A bullfrog (D:7)
  An adder (D:7)
  2 bushes
  14 fungi
  18 plants
41 creatures vanquished.

Grand Total: 438 creatures vanquished

Notes
Turn   | Place    | Note
-------+----------+-------------------------------------------
     0 | D:1      | Ayoxin the Gargoyle Monk began the quest for the Orb.
     0 | D:1      | Reached XP level 1. HP: 14/14 MP: 1/1
   273 | D:1      | Reached XP level 2. HP: 15/19 MP: 2/2
   326 | D:1      | Reached skill level 5 in Fighting
   326 | D:1      | Reached skill level 5 in Maces & Flails
   326 | D:1      | Reached skill level 3 in Armour
   326 | D:1      | Reached XP level 3. HP: 24/26 MP: 2/6
   397 | D:1      | Reached skill level 4 in Armour
   397 | D:1      | Reached skill level 5 in Stealth
   397 | D:1      | Reached XP level 4. HP: 32/32 MP: 6/8
  1208 | D:2      | Noticed Terence
  1234 | D:2      | Killed Terence
  1234 | D:2      | Reached XP level 5. HP: 28/37 MP: 9/9
  1376 | D:2      | Reached skill level 5 in Armour
  1416 | D:2      | Found a faded altar of an unknown god.
  1592 | D:2      | Became a worshipper of Trog the Wrathful
  1592 | D:2      | Reached * piety under Trog
  1592 | D:2      | Reached ** piety under Trog
  1722 | D:2      | Reached *** piety under Trog
  2799 | D:3      | Reached XP level 6. HP: 42/42 MP: 10/10
  3078 | D:4      | Found a staircase to the Ecumenical Temple.
  3672 | D:4      | Found an opulent altar of Gozag.
  3684 | D:4      | Reached **** piety under Trog
  3867 | D:4      | Noticed a phantom
  3890 | D:4      | Killed a phantom
  3890 | D:4      | Reached XP level 7. HP: 44/47 MP: 11/11
  4225 | D:5      | Entered Level 5 of the Dungeon
  4993 | D:5      | Reached XP level 8. HP: 46/52 MP: 12/12
  5001 | D:5      | Reached skill level 5 in Dodging
  5124 | D:5      | Got a translucent spear
  5133 | D:5      | Identified the +5 spear "Uthaeh" {elec, *Rage Dex+8} (You
                  | found it on level 5 of the Dungeon)
  5183 | D:5      | Found a basalt altar of Yredelemnul.
  5352 | D:5      | Found a hazy altar of Hepliaklqana.
  6723 | D:6      | Found a shimmering altar of Xom.
  6862 | D:7      | Reached skill level 1 in Polearms
  6867 | D:7      | Reached skill level 6 in Armour
  7033 | D:7      | Noticed Pikel
  7044 | D:7      | Killed Pikel
  7044 | D:7      | Reached XP level 9. HP: 57/57 MP: 13/13
  7095 | D:7      | Found a shimmering altar of Xom.
  7186 | D:7      | Noticed Maggie
  7200 | D:7      | Killed Maggie
  7291 | D:7      | Found a runed translucent door.
  7292 | D:7      | Noticed Crazy Yiuf
  7299 | D:7      | Killed Crazy Yiuf
  7424 | D:7      | Found a bloodstained altar of Trog.
  7592 | D:7      | Found a stormy altar of Qazlal.
  7971 | D:8      | Gained mutation: You evolve. [potion of mutation]
  7971 | D:8      | Gained mutation: Your large and strong wings let you fly
                  | indefinitely. [potion of mutation]
  7971 | D:8      | Gained mutation: You occasionally shout uncontrollably at
                  | your foes. [potion of mutation]
  7971 | D:8      | Gained mutation: Your flesh is cold resistant. (rC+)
                  | [potion of mutation]
  8044 | D:8      | Reached skill level 7 in Armour
  8061 | D:8      | Reached XP level 10. HP: 34/64 MP: 14/14
  8367 | D:8      | Reached skill level 1 in Shields
  8507 | D:8      | Found a staircase to the Lair.
  8527 | D:8      | Reached ***** piety under Trog
  8624 | D:8      | Gained mutation: You are resistant to hostile enchantments.
                  | (MR+) [evolution]
  8821 | D:8      | Reached skill level 5 in Polearms
  8972 | Lair:1   | Entered Level 1 of the Lair of Beasts
  9084 | Lair:1   | Noticed a seven-headed hydra
  9084 | Lair:1   | Noticed Fannar
  9205 | Lair:1   | Killed Fannar
  9272 | Lair:1   | Reached skill level 8 in Armour
  9280 | Lair:1   | Noticed a spiny frog
  9287 | Lair:1   | Killed a spiny frog
  9492 | Lair:1   | Killed a seven-headed hydra
  9492 | Lair:1   | Reached XP level 11. HP: 32/68 MP: 15/15
  9497 | Lair:1   | Noticed Joseph
  9520 | Lair:1   | Killed Joseph
 10045 | Lair:1   | Reached skill level 9 in Armour
 10063 | Lair:1   | You fall into a shaft and drop 1 floor!
 10105 | Lair:2   | Noticed a six-headed hydra
 10123 | Lair:3   | HP: 3/69 [six-headed hydra (6)]
 10134 | Lair:2   | Killed a six-headed hydra
 10256 | Lair:2   | Reached XP level 12. HP: 76/76 MP: 16/16
 10413 | Lair:2   | Reached skill level 5 in Shields
 10506 | Lair:1   | Found the +7 sceptre of Torment {pain, torment}
 10636 | Lair:1   | Gained mutation: You are covered in fur. (AC +1)
                  | [evolution]
 11045 | Lair:2   | Noticed a six-headed hydra
 11058 | Lair:2   | Killed a six-headed hydra
 11058 | Lair:2   | Reached skill level 10 in Armour
 11254 | Lair:2   | Noticed a death yak
 11266 | Lair:2   | Killed a death yak
 11494 | Lair:2   | Received a gift from Trog
 11787 | Lair:3   | Reached XP level 13. HP: 70/81 MP: 17/17
 12071 | Lair:3   | Found a staircase to the Snake Pit.
 12321 | Lair:3   | Found a staircase to the Swamp.
 12539 | Lair:3   | Reached skill level 11 in Armour
 12876 | Lair:4   | Noticed Rupert
 12898 | Lair:4   | Killed Rupert
 12898 | Lair:4   | Reached skill level 10 in Fighting
 13148 | Lair:4   | Noticed Josephine
 13173 | Lair:4   | Killed Josephine
 14160 | Lair:5   | Reached skill level 10 in Polearms
 14215 | Lair:5   | Gained mutation: You are partially covered in molten
                  | scales. (AC +2) [evolution]
 14215 | Lair:5   | Lost mutation: You evolve. [end of evolution]
 14964 | Lair:5   | Mutation became permanent: Your large and strong wings let
                  | you fly indefinitely. [Gargoyle growth]
 14964 | Lair:5   | Gained mutation: Your large and strong wings let you fly
                  | indefinitely. [Gargoyle growth]
 14964 | Lair:5   | Reached XP level 14. HP: 88/88 MP: 18/18
 15009 | Lair:5   | Received a gift from Trog
 15221 | Lair:6   | Entered Level 6 of the Lair of Beasts
 15502 | Lair:6   | Found a staircase to the Slime Pits.
 16315 | Lair:6   | Reached skill level 12 in Armour
 16594 | Lair:6   | Got a crude dagger
 16773 | Lair:6   | Noticed a dire elephant
 16773 | Lair:6   | Noticed a dire elephant
 16801 | Lair:6   | Killed a dire elephant
 16810 | Lair:6   | Killed a dire elephant
 16870 | Lair:6   | Noticed a dire elephant
 16880 | Lair:6   | Got a smoking amber ring
 16897 | Lair:6   | Killed a dire elephant
 17177 | Lair:6   | Noticed a dire elephant
 17203 | Lair:6   | Killed a dire elephant
 17287 | Lair:6   | Noticed a dire elephant
 17310 | Lair:6   | Killed a dire elephant
 17432 | Lair:6   | Noticed a dire elephant
 17457 | Lair:6   | Killed a dire elephant
 17583 | Lair:6   | Identified the +10 dagger "Demon's Curse" {vorpal, *Contam
                  | rF+++ rC++ MR-} (You found it on level 6 of the Lair of
                  | Beasts)
 17592 | Slime:1  | Entered Level 1 of the Pits of Slime
 17592 | Slime:1  | Noticed an azure jelly
 17611 | Slime:1  | HP: 3/91 [azure jelly (5)]
 17611 | Slime:1  | Slain by an azure jelly

Illustrated notes

Levels and vault maps discovered:
D:1:      dpeg_arrival_rhombus, layout_basic, columned_hall_lemuel, st_stairs_12
D:2:      minmay_general_purpose_star, layout_rooms,
          chequers_ecumenical_altar_simple_redux, uniq_terence
D:3:      layout_loops_ring, first_ration, serial_glass, glass_columns_a,
          glass_columns_b, kennysheep_nub
D:4:      layout_gridville, nicolae_gozag_cash_rules_everything_around_me,
          minmay_temple_entry_sparse_star
D:5:      layout_cave_pools, kennysheep_mini_moat, lemuel_round_altar,
          serial_bayou_lake_a
D:6:      layout_rooms, kennysheep_mini, kb_lookout_dungeons_type,
          serial_bayou_lagoon_a
D:7:      layout_basic, bloody_trog, lemuel_doored_altar, lemuel_altar_in_water,
          uniq_crazy_yiuf_cottage, uniq_pikel, uniq_maggie
D:8:      layout_basic, minmay_lair_entry_grove
Lair:1:   layout_cave_pods, roderic_batcave, minivault_26, grunt_megastairs_4,
          lemuel_fruit_tree, uniq_joseph, uniq_fannar
Lair:2:   beast_lair_carwin_large_3, layout_long_grid, serial_bayou_pond_a,
          st_stairs_11
Lair:3:   layout_roguey, minmay_swamp_entry_worms,
          minmay_snake_entry_six_corridors, beast_lair_carwin_2
Lair:4:   layout_hall_layers, serial_bayou_pond_c, uniq_rupert, uniq_josephine
Lair:5:   layout_regular_city, beast_lair_carwin_10
Lair:6:   due_jungle_book, layout_big_grid, nicolae_slime_entry_slimehenge
Slime:1:  layout_caves

Skill      XL: |  1  2  3  4  5  6  7  8  9 10 11 12 13 14 |
---------------+-------------------------------------------+-----
Fighting       | 5 6 7 8 9 10 11 | 11.6
Maces & Flails | 5 6 7 |  7.8
Throwing       | 2 3 4 |  4.6
Armour         | 3 4 5 6 7 8 9 10 11 12 | 12.3
Dodging        | 4 5 6 |  6.7
Stealth        | 3 5 6 |  6.0
Unarmed Combat | 2 3 4 |  4.6
Spellcasting   | 2 3 |  3.3
Polearms       | 2 3 6 7 8 10 11 | 11.4
Shields        | 3 4 5 7 8 |  8.0
Evocations     | 2 |  2.1

Action                   |  1- 3 |  4- 6 |  7- 9 | 10-12 | 13-15 || total
-------------------------+-------+-------+-------+-------+-------++-------
Melee: Mace              |    22 |   120 |       |       |       ||   142
       Punch             |       |     7 |     4 |       |       ||    11
       Morningstar       |       |   181 |   107 |       |       ||   288
       Spear             |       |       |   164 |   392 |   831 ||  1387
       Dagger            |       |       |       |       |    11 ||    11
Invok: Berserk           |       |       |     3 |     3 |     6 ||    12
       Trog's Hand       |       |       |     1 |     1 |       ||     2
       Brothers in Arms  |       |       |       |       |     1 ||     1
  Use: Scroll            |     1 |     9 |     7 |     8 |    10 ||    35
       Potion            |     2 |     4 |     3 |     8 |     6 ||    23
  Eat: Chunk             |       |    10 |     8 |     7 |    14 ||    39
       Ration            |       |       |     3 |     2 |     4 ||     9
Armor: Chain mail        |    17 |   277 |   145 |   245 |   374 ||  1058
Dodge: Dodged            |     6 |   125 |   112 |   197 |   312 ||   752
Block: Buckler           |       |       |    15 |   110 |   179 ||   304
